 Dungeon Crawl Stone Soup version 0.30.0-10-gfe55d96785 (webtiles) character file.

Game seed: 2777130258201724751

122 growler the Insei (level 5, 0/37 HPs)
             Began as a Merfolk Transmuter on May 13, 2023.
             Slain by a cerulean imp
             ... wielding a +0 spear
             ... summoned by Natasha
              (3 damage)
             ... on level 2 of the Dungeon.
             The game lasted 00:04:21 (1767 turns).

growler the Insei (Merfolk Transmuter)              Turns: 1767, Time: 00:04:21

Health: 0/37       AC:  2    Str: 10    XL:     5   Next: 6%
Magic:  9/9        EV: 12    Int: 15    God:
Gold:   84         SH:  0    Dex: 14    Spells: 0/10 levels left

rFire   . .          .
                       - Unarmed
rCold   . . .        (no shield)
rNeg    . . .        a - +0 robe
rPois   .            (no helmet)
rElec   .            (no cloak)
rCorr   .            (no gloves)
SInv    .            (no boots)
Will    .....        (no amulet)
Stlth   +            (no ring)
HPRegen 0.26/turn    (no ring)
MPRegen 0.11/turn

%: no passive effects
@: slowed, very slow
A: (nimble swimmer 2), mertail
a: no special abilities


You were on level 2 of the Dungeon.
You visited 1 branch of the dungeon, and saw 2 of its levels.

You collected 84 gold pieces.

Inventory:

Armour
 a - a +0 robe (worn)
Scrolls
 d - 2 scrolls of noise {unknown}
 f - a scroll of identify {unknown}
Potions
 b - a potion of lignification
 c - a potion of experience {unknown}
 e - a potion of attraction {unknown}


   Skills:
 - Level 1.1 Fighting
 - Level 2.6 Dodging
 + Level 4.9 Unarmed Combat
 - Level 3.0 Spellcasting
 - Level 4.0 Transmutations


You couldn't memorise any spells.
You knew the following spells:

 Your Spells              Type           Power      Damage    Failure   Level
a - Beastly Appendage     Tmut           28%        N/A       3%          1
b - Wereblood             Tmut           14%        N/A       6%          2
c - Spider Form           Tmut/Pois      8%         N/A       26%         3
d - Ice Form              Ice/Tmut       8%         N/A       65%         4

Your spell library contained the following spells:

 Spells                   Type           Power      Damage    Failure   Level
 Necrotise                Necr           8%         1d4       21%         1
 Vampiric Draining        Necr           2%         2d6       52%         3
 Agony                    Necr           2%         N/A       99%         5


Dungeon Overview and Level Annotations

Branches:
Dungeon (2/15)

Altars:

Annotations:
D:2 Natasha


Innate Abilities, Weirdness & Mutations

((You are very nimble when in or above water. (Stealth+, EV+, Speed+++)))
Your lower body shifts to a powerful aquatic tail in water.


Message History

Natasha is lightly wounded.
Natasha misses you.
You barely miss Natasha.
Natasha is lightly wounded.
Your transformation is almost over.
Natasha barely misses you.
You hit Natasha but do no damage.
Natasha is lightly wounded.
Natasha claws you. x2
You hit Natasha but do no damage.
Natasha is lightly wounded.
Natasha mumbles some strange words.
You hit Natasha.
Natasha is lightly wounded.
Natasha casts a spell at you. The magic dart hits you!
The cerulean imp hits you but does no damage.
You barely miss Natasha.
Natasha is lightly wounded.
Natasha misses you. The cerulean imp barely misses you. Natasha claws you!
You hit Natasha.
Natasha is moderately wounded.
The cerulean imp barely misses you.
Natasha casts a spell.
The cerulean imp barely misses you.
You miss Natasha.
Natasha is moderately wounded.
Natasha closely misses you.
The cerulean imp hits you with a +0 spear.
You hit Natasha. You headbutt Natasha.
Natasha is heavily wounded.
Your horns disappear.
Natasha claws you!
* * * LOW HITPOINT WARNING * * *
The cerulean imp hits you but does no damage.
The cerulean imp hits you with a +0 spear.
* * * LOW HITPOINT WARNING * * *
Natasha closely misses you.
The cerulean imp hits you from afar with a +0 spear.
You die...

.♣♣♣ #.# .(.♣♣♣♣ #.#
♣.....♣♣♣ #.# ♣♣♣♣....♣
#.# ♣♣♣..♣♣ *,* ♣♣..♣
***,* ♣♣♣♣..♣♣ **,,,*
♣....♣♣ ♣♣♣♣♣♣♣.♣*,*
♣♣♣...♣ ♣♣♣♣♣♣@h5...♣**,*
♣...♣♣♣...♣5♣♣♣♣♣♣♣ *,*
♣♣......♣♣.♣♣ *,*
♣♣♣♣♣♣♣♣♣♣♣ **,* **,,*
*******,,**
*****************,,,,,,,**
,,,,,,,,,,,,,,,,,,*******
*******************


You could see Natasha and 2 cerulean imps.

Vanquished Creatures
  Natasha (D:2)
  3 gnolls (D:2)
  2 adders (D:2)
  A dart slug (D:2)
  3 bats (D:2)
  6 endoplasms
  5 giant cockroaches
  2 goblins
  3 hobgoblins
  3 jackals (D:2)
  6 kobolds
  2 quokkas
  4 ball pythons (D:2)
  5 rats
46 creatures vanquished.

Notes
Turn   | Place    | Note
-------+----------+-------------------------------------------
     0 | D:1      | growler the Merfolk Transmuter began the quest for the Orb.
     0 | D:1      | Reached XP level 1. HP: 15/15 MP: 3/3
   223 | D:1      | Reached XP level 2. HP: 20/21 MP: 3/5
   231 | D:1      | Learned a level 2 spell: Wereblood
   735 | D:2      | Reached XP level 3. HP: 26/26 MP: 4/6
   744 | D:2      | Learned a level 3 spell: Spider Form
  1113 | D:2      | Noticed Natasha
  1123 | D:2      | Killed Natasha
  1124 | D:2      | Reached XP level 4. HP: 32/32 MP: 6/8
  1313 | D:2      | Reached XP level 5. HP: 31/37 MP: 4/9
  1323 | D:2      | Learned a level 4 spell: Ice Form
  1755 | D:2      | Noticed Natasha
  1767 | D:2      | Slain by a cerulean imp

Illustrated notes

Levels and vault maps discovered:
D:1:      dreamdust_arrival_beginning_and_end, layout_rooms
D:2:      kb_forest_paths, layout_basic, uniq_natasha

Skill      XL: |  1  2  3  4 |
---------------+-------------+-----
Transmutations | 3 4 |  4.0
Unarmed Combat | 4 |  4.9
Spellcasting   | 3 |  3.0
Fighting       | |  1.1
Dodging        | |  2.6

Action                     |  1- 3 |  4- 6 || total
---------------------------+-------+-------++-------
  Melee: Unarmed           |    72 |    68 ||   140
         Headbutt          |    11 |     8 ||    19
         Punch             |     4 |       ||     4
   Cast: Beastly Appendage |    18 |     6 ||    24
         Spider Form       |       |     1 ||     1
         Wereblood         |       |     1 ||     1
    Use: Potion            |     1 |       ||     1
   Stab: Sleeping          |     1 |       ||     1
 Armour: Robe              |     9 |    16 ||    25
         Skin              |     8 |       ||     8
  Dodge: Dodged            |    49 |    50 ||    99
